 Dungeon Crawl Stone Soup version 0.29.1-12-g30fa7ad0bf (webtiles) character file.

Game seed: 13941063628904311837

416 xian the Gusty (level 6, -1/42 HPs)
             Began as a Demonspawn Air Elementalist on Jan 15, 2023.
             Slain by a hornet (8 damage)
             ... on level 4 of the Dungeon.
             The game lasted 00:10:04 (5323 turns).

xian the Gusty (Demonspawn Air Elementalist)        Turns: 5323, Time: 00:10:05

Health: -1/42      AC:  9    Str:  8    XL:     6   Next: 60%
Magic:  8/11       EV:  8    Int: 19    God:
Gold:   193        SH:  4    Dex: 13    Spells: 8/11 levels left

rFire   . . .      SeeInvis .   m - +0 short sword (venom)
rCold   + . .      Faith    .   (no shield)
rNeg    . . .      Spirit   .   l - +2 scale mail {rC+}
rPois   .          Reflect  .   (no helmet)
rElec   .          Harm     .   (no cloak)
rCorr   .          Rampage  .   t - +0 pair of gloves
Will    .....                   (no boots)
Stlth   +.........              (no amulet)
HPRegen 0.14/turn               d - ring of wizardry
MPRegen 0.12/turn               j - ring of flight

@: mighty, flying, very slightly contaminated, slowed, very slow
A: hooves 1, large bone plates 1, powered by pain 2
a: no special abilities


You were on level 4 of the Dungeon.
You visited 1 branch of the dungeon, and saw 5 of its levels.

You collected 193 gold pieces.

Inventory:

Hand Weapons
 a - a +4 short sword
 m - a +0 short sword of venom (weapon)
 n - a +0 sling of freezing
Missiles
 g - 3 atropa-tipped darts
Armour
 l - a +2 scale mail of cold resistance (worn)
 t - a +0 pair of gloves (worn)
Magical Staves
 q - a staff of poison
Jewellery
 d - a ring of wizardry (left hand)
 j - a ring of flight (right hand)
 u - a ring of fire
Scrolls
 c - 2 scrolls of poison {unknown}
 e - a scroll of amnesia {unknown}
 h - 2 scrolls of butterflies {unknown}
 p - a scroll of enchant armour {unknown}
 r - 2 scrolls of noise {unknown}
 s - a scroll of vulnerability {unknown}
Potions
 f - 2 potions of heal wounds {unknown}
 i - 2 potions of mutation {unknown}
 k - a potion of degeneration {unknown}
 o - 2 potions of curing {unknown}


   Skills:
 + Level 0.4 Fighting
 + Level 0.1 Short Blades
 * Level 2.2 Armour
 + Level 2.3 Dodging
 + Level 2.0 Stealth
 + Level 0.2 Shields
 + Level 3.4 Spellcasting
 + Level 2.7 Conjurations
 + Level 4.6 Air Magic


You had 8 spell levels left.
You knew the following spells:

 Your Spells              Type           Power      Damage    Failure   Level
a - Shock                 Conj/Air       68%        1d7       12%         1
b - Static Discharge      Conj/Air       17%        3-6/arc   17%         2

Your spell library contained the following spells:

 Spells                   Type           Power      Damage    Failure   Level
 Magic Dart               Conj           52%        1d5       17%         1
 Swiftness                Air            20%        N/A       24%         3
 Beastly Appendage        Tmut           6%         N/A       45%         1
 Freeze                   Ice            12%        1d4       45%         1
 Mephitic Cloud           Conj/Pois/Air  12%        N/A       50%         3
 Call Imp                 Summ           3%         N/A       58%         2
 Ensorcelled Hibernation  Hex/Ice        6%         N/A       58%         2
 Passwall                 Tmut/Erth      2%         N/A       58%         2
 Wereblood                Tmut           3%         N/A       58%         2
 Airstrike                Air            10%        2d(2-18)  58%         4
 Dazzling Flash           Conj/Hex       16%        N/A       65%         3
 Frozen Ramparts          Ice            6%         1d1       82%         3
 Spider Form              Tmut/Pois      3%         N/A       82%         3
 Hailstorm                Conj/Ice       8%         3d4       95%         4
 Iskenderun's Mystic Bla  Conj/Tloc      8%         2d4       95%         4
 Starburst                Conj/Fire      4%         6d3       100%        6


Dungeon Overview and Level Annotations

Branches:
Dungeon (5/15)
 Temple: D:4-7

Altars:
Dithmenos
Xom
Yredelemnul

Annotations:
D:3 2 transporters, Adverbial's ghost, amateur FoHu


Innate Abilities, Weirdness & Mutations

You have large cloven feet.
You are partially covered in large bone plates. (SH +4)
You sometimes gain power by taking damage.


Message History

The iguana appears confused.
The iguana closely misses the iguana.
You block the hornet's attack. You block the hornet's attack.
The iguana is engulfed in noxious fumes.
The iguana appears confused.
You fly upwards.
There is a stone staircase leading down here.
Casting: Static Discharge (safe; 17% risk of failure)
Confirm with . or Enter, or press ? or * to list all spells.
The hornet is struck by an arc of lightning.
The hornet is heavily wounded.
You are struck by an arc of lightning.
The hornet is struck by an arc of lightning.
The hornet is heavily wounded.
The lightning grounds out.
The hornet barely misses you. You block the hornet's attack.
Unknown command.
Unknown command.
Magic courses through your body. The hornet stings you!
You feel yourself slow down.
Your magical contamination has completely faded away.
Unknown command.
Casting: Static Discharge (safe; 17% risk of failure)
Confirm with . or Enter, or press ? or * to list all spells.
The hornet is struck by an arc of lightning!
The hornet is severely wounded.
You are struck by an arc of lightning.
The lightning grounds out.
The hornet stings you!
* * * LOW HITPOINT WARNING * * *
You focus on the pain.
You feel very mighty all of a sudden.
You feel as though you will be slow longer.
The hornet completely misses you.
Casting: Static Discharge (safe; 17% risk of failure)
Confirm with . or Enter, or press ? or * to list all spells.
You miscast Static Discharge.
You are very lightly contaminated with residual magic.
Nothing appears to happen.
You block the hornet's attack. The hornet barely misses you.
The hornet stings you!
You die...

####### #.....#
#.....######## #
#............# #
###..........## #####
#....y......#####
....#######.....@.........#
#.#......##.............#.#
#.#......##...............#
#.#......##...........#.#####
#........########...........#
#
###.........#######.#..####.#
#
#'...........<.....#..####.#
#
##.[.......#####.#.#..#....#
# #.........# #.#......##.# #


You could see a hornet.

Vanquished Creatures
  An ice beast (D:5)
  A phantom (D:4)
  A necrophage (D:4)
  A jelly (D:4)
  Terence (D:1)
  3 adders
  6 worms
  A dart slug (D:2)
  7 orcs
  8 ball pythons
  7 endoplasms
  A giant cockroach (D:3)
  4 goblins
  5 hobgoblins
  7 jackals
  3 quokkas
  4 bats
  A frilled lizard (D:2)
  12 kobolds
  13 rats
87 creatures vanquished.

Notes
Turn   | Place    | Note
-------+----------+-------------------------------------------
     0 | D:1      | xian the Demonspawn Air Elementalist began the quest for
                  | the Orb.
     0 | D:1      | Reached XP level 1. HP: 13/13 MP: 3/3
   415 | D:1      | Reached skill level 3 in Air Magic
   478 | D:1      | Gained mutation: You have large cloven feet. [demonic
                  | ancestry]
   478 | D:1      | Reached XP level 2. HP: 19/19 MP: 1/5
   569 | D:1      | Found a faded altar of an unknown god.
  1126 | D:1      | Learned a level 2 spell: Static Discharge
  1313 | D:2      | Noticed Terence
  1338 | D:1      | Gained mutation: You are partially covered in large bone
                  | plates. (SH +4) [demonic ancestry]
  1338 | D:1      | Reached XP level 3. HP: 22/24 MP: 0/6
  1784 | D:1      | Killed Terence
  1785 | D:1      | Gained mutation: You sometimes gain a little power by
                  | taking damage. [demonic ancestry]
  1785 | D:1      | Reached XP level 4. HP: 15/30 MP: 2/7
  3129 | D:3      | Found a basalt altar of Yredelemnul.
  3292 | D:3      | Found a transporter.
  3293 | D:3      | Noticed Adverbial's ghost (amateur FoHu)
  3313 | D:3      | Reached skill level 4 in Air Magic
  3414 | D:3      | Found a transporter.
  4021 | D:3      | Gained mutation: You sometimes gain power by taking damage.
                  | [demonic ancestry]
  4021 | D:3      | Reached XP level 5. HP: 32/35 MP: 4/9
  4411 | D:4      | Found a shadowy altar of Dithmenos.
  4519 | D:4      | Reached skill level 1 in Armour
  4636 | D:4      | Noticed a phantom
  4649 | D:4      | Killed a phantom
  4650 | D:4      | Reached XP level 6. HP: 29/41 MP: 4/10
  5313 | D:5      | Entered Level 5 of the Dungeon
  5313 | D:5      | Noticed a hornet
  5313 | D:5      | Noticed an ice beast
  5313 | D:5      | Found a shimmering altar of Xom.
  5317 | D:5      | Killed an ice beast
  5323 | D:4      | Slain by a hornet

Illustrated notes

Levels and vault maps discovered:
D:1:      pf_arrival_petrified_forest, layout_loops_corners,
          chequers_ecumenical_altar_simple, minmay_distorted
D:2:      layout_basic, uniq_terence
D:3:      layout_loops_ring, yredelemnul_altar_generic,
          nicolae_tso_swordbearing_angel, gammafunk_ghost_stat_death,
          minmay_randomly_rotated_circles
D:4:      layout_basic, grunt_dithmenos_smoke_and_mirrors,
          nicolae_kite_square_tiling_tiny
D:5:      layout_loops_cross, nzn_wu_jian_council_hall, xom_confusion_cloud,
          nicolae_overflow_crystal_walls, lemuel_doored_altar,
          minmay_temple_entry_poolview, minmay_fractal_squares_gapless_5

Skill      XL: |  1  2  3  4  5 |
---------------+----------------+-----
Air Magic      | 3 4 |  4.6
Dodging        | 2 |  2.3
Stealth        | 2 |  2.0
Conjurations   | 2 |  2.7
Armour         | 2 |  2.2
Spellcasting   | 3 |  3.4
Fighting       | |  0.4
Short Blades   | |  0.1
Shields        | |  0.2

Action                   |  1- 3 |  4- 6 || total
-------------------------+-------+-------++-------
Melee: Unarmed           |     3 |       ||     3
       Falchion          |     4 |       ||     4
       Kick              |     3 |    17 ||    20
       Short sword       |       |    56 ||    56
 Cast: Shock             |    54 |    91 ||   145
       Static Discharge  |     3 |    14 ||    17
  Use: Potion            |       |     1 ||     1
Armor: Robe              |     9 |       ||     9
       Scale mail        |       |    62 ||    62
Dodge: Dodged            |    14 |    51 ||    65
Block: Other             |       |    19 ||    19
